AoeStats
← Cdaa Axsk

Black Forest

509860730Analyzed
4v4 RM · 3d ago on Sep 28, 2026· 42m 38s· 8 players
Game mode
Random Map
Map size
Large (8 player)
Population
200
Speed
Normal
Resources
Standard
Victory
Conquest
Starting age
Dark Age
Ending age
Imperial Age
RankedLock teamsTeams togetherTeam positionsShared explorationLock speedFull tech treeHidden civsTurbo modeCheats
Victory
Defeat
🇵🇱 Poles · Poland
982
+12
🇷🇺 Koreans · Russia
962
+13
🇪🇸 Bohemians · Spain
936
+14
🇹🇼 Spanish · Taiwan
911
+16
🇨🇳 Persians · China
966
-16
🇨🇱 Bohemians · Chile
885
-13
🇹🇼 Aztecs · Taiwan
871
-13
🇨🇳 Burgundians · China
871
-13
LeonMastin
3:40 Loom
14:07 Feudal Age
18:37 Castle Age
16:38 Double-Bit Axe
23:00 Wheelbarrow
24:46 Fervor
25:07 Bow Saw
26:38 Fishing Lines
31:23 Imperial Age
28:40 Town Watch
30:16 Chemistry
29:39 Ballistics
29:45 Horse Collar
30:28 Forging
30:18 Scale Mail Armor
30:09 Fletching
31:05 Heavy Plow
31:25 Hand Cart
31:16 Gillnets
32:03 Squires
31:23 Pikeman
31:50 Arson
32:57 Town Patrol
34:53 Two-Man Saw
34:01 Houfnice
35:35 Conscription
35:24 Wagenburg Tactics
36:36 Iron Casting
36:06 Scale Barding Armor
36:20 Chain Mail Armor
35:55 Fletching
36:04 Murder Holes
36:24 Masonry
38:18 Blast Furnace
36:49 Halberdier
39:57 Plate Mail Armor
39:22 Bodkin Arrow
承
1:07 Loom
14:39 Feudal Age
15:26 Double-Bit Axe
15:23 Horse Collar
21:43 Castle Age
20:35 Bloodlines
20:20 Stone Mining
21:20 Scale Barding Armor
21:50 Forging
23:41 Bow Saw
24:45 Heavy Plow
32:14 Wheelbarrow
31:25 Town Watch
34:34 Imperial Age
32:44 Chain Barding Armor
32:26 Scale Mail Armor
33:40 Town Patrol
34:29 Hand Cart
34:08 Gold Mining
35:39 Murder Holes
35:09 Elite Conquistador
36:55 Two-Man Saw
36:52 Iron Casting
37:32 Plate Barding Armor
38:39 Blast Furnace
37:55 Chain Mail Armor
39:03 Ballistics
39:44 Chemistry
43:41 Plate Mail Armor
giancarlo7
11:32 Feudal Age
12:49 Wheelbarrow
11:57 Horse Collar
12:06 Double-Bit Axe
19:18 Castle Age
17:28 Stone Mining
17:46 Gold Mining
18:19 Scale Mail Armor
18:54 Forging
19:15 Scale Barding Armor
20:37 Bow Saw
22:25 Hand Cart
24:27 Szlachta Privileges
30:22 Imperial Age
28:15 Heavy Plow
28:43 Husbandry
29:43 Chain Barding Armor
29:39 Chain Mail Armor
30:14 Iron Casting
31:29 Conscription
32:16 Cavalier
34:54 Plate Mail Armor
35:25 Blast Furnace
36:58 Elite Obuch
37:46 Light Cavalry
38:58 Bloodlines
39:29 Crop Rotation
39:00 Winged Hussar
41:55 Capped Ram
Etheling
0:52 Loom
13:24 Feudal Age
14:38 Horse Collar
14:53 Double-Bit Axe
15:02 Gold Mining
20:46 Wheelbarrow
24:52 Castle Age
23:15 Forging
22:54 Arson
25:51 Heavy Plow
26:22 Bow Saw
26:58 Caravan
28:20 Coinage
30:05 Iron Casting
31:26 Ballistics
37:03 Imperial Age
36:11 Scale Barding Armor
35:58 Fletching
36:26 Hand Cart
38:09 Conscription
39:20 Two-Man Saw
40:04 Banking
39:50 Guilds
40:23 Masonry
41:16 Elite War Wagon
43:02 Shinkichon
42:58 Scale Mail Armor
Mapuche Mayer
11:50 Feudal Age
12:24 Double-Bit Axe
12:21 Fishing Lines
22:11 Castle Age
22:21 Wheelbarrow
21:30 Horse Collar
22:50 Gillnets
23:02 Caravan
23:22 Loom
24:04 Bow Saw
26:42 Fervor
26:48 Hand Cart
31:47 Imperial Age
30:20 Chemistry
29:41 Ballistics
29:29 Town Watch
30:03 Heavy Plow
31:09 Scale Mail Armor
31:19 Forging
31:41 Wagenburg Tactics
32:06 Chain Mail Armor
31:23 Pikeman
32:04 Squires
31:49 Arson
32:39 Coinage
32:25 Halberdier
33:45 Iron Casting
33:00 Fletching
34:55 Houfnice
36:01 Conscription
35:03 Elite Hussite Wagon
36:17 Plate Mail Armor
36:47 Blast Furnace
35:43 Bodkin Arrow
36:32 Masonry
38:13 Blast Furnace
38:08 Heavy Scorpion
39:21 Bombard Tower
38:57 Murder Holes
40:05 Architecture
39:53 Bracer
39:58 Scale Barding Armor
39:53 Man-at-Arms
40:56 Siege Engineers
Cdaa Axsk
2:18 Loom
16:51 Feudal Age
19:14 Double-Bit Axe
21:57 Castle Age
20:06 Horse Collar
20:22 Stone Mining
23:40 Bow Saw
25:45 Heavy Plow
27:19 Scale Mail Armor
28:50 Wheelbarrow
34:08 Fortified Wall
36:48 Imperial Age
34:38 Town Watch
35:44 Fletching
36:07 Forging
36:48 Treadmill Crane
37:59 Elite Jaguar Warrior
39:13 Arrowslits
40:29 Iron Casting
40:13 Chain Mail Armor
39:35 Elite Jaguar Warrior
LV小吕
6:02 Wheelbarrow
10:50 Double-Bit Axe
13:04 Feudal Age
13:20 Horse Collar
14:17 Bow Saw
14:26 Heavy Plow
16:35 Gold Mining
18:31 Hand Cart
23:20 Castle Age
22:08 Stone Mining
22:54 Gold Shaft Mining
25:02 Crop Rotation
26:02 Two-Man Saw
25:42 Stone Shaft Mining
27:32 Fishing Lines
32:04 Gillnets
34:31 Burgundian Vineyards
37:19 Imperial Age
35:14 Town Watch
37:23 Forging
37:18 Scale Barding Armor
37:55 Caravan
39:22 Iron Casting
39:08 Chain Barding Armor
39:17 Conscription
38:18 Elite Coustillier
40:23 Chemistry
40:27 Plate Barding Armor
41:02 Ballistics
40:23 Treadmill Crane
42:47 Blast Furnace
Rywendyre
12:27 Feudal Age
13:32 Horse Collar
15:03 Loom
15:26 Double-Bit Axe
19:51 Castle Age
21:32 Bow Saw
24:18 Heavy Plow
25:01 Fervor
26:48 Gold Mining
26:52 Stone Mining
28:21 Wheelbarrow
27:34 Fishing Lines
28:04 Gillnets
34:36 Imperial Age
32:24 Hand Cart
36:21 Gold Shaft Mining
36:21 Stone Shaft Mining
36:31 Conscription
35:34 Elite War Elephant
36:29 Bloodlines
36:20 Husbandry
36:36 Forging
36:31 Scale Barding Armor
38:15 Iron Casting
40:46 Blast Furnace
40:07 Chain Barding Armor
39:52 Devotion
Connection lost

Rejoining the realm…

Still unreachable

The connection could not be restored.

Session expired

The server has moved on; the page needs a fresh start.